[Event "Late-Titled-Tuesday-Blitz-June-04-2024"]
[Site "Chess.com"]
[Date "2024.06.04"]
[Round "5"]
[White "duone"]
[Black "stollenmonster"]
[Result "0-1"]
[WhiteElo "2407"]
[BlackElo "2869"]
[TimeControl "180+1"]
[EndTime "14:53:37 PDT"]
[Termination "stollenmonster won by checkmate"]

1. Nf3 Nf6 2. g3 e6 3. Bg2 d5 4. c4 Be7 5. O-O O-O 6. Qc2 c6 7. d4 Ne4 8. b3 f5 9. Bb2 Bd7 10.
Nbd2 Be8 11. Ne5 Nxd2 12. Qxd2 Nd7 13. f4 Nxe5 14. fxe5 Bg5 15. Qc3 Bh5 16. Bf3 Qe8 17. Bxh5 Qxh5 18. Qf3 Qh6 19. Bc1 Rad8 20. Bxg5 Qxg5 21.
e3 Qe7 22. c5 g6 23. b4 Rc8 24. a4 b6 25. Rfc1 Rb8 26. b5 Rfc8 27. Rab1 cxb5 28. cxb6 Rxc1+ 29. Rxc1 bxa4 30. bxa7 Qxa7 31. Qf4 Qe7 32. Qf2 a3 33. Qc2 Qg5 34. Qc3 a2 35. Ra1 Rb1+ 36.
Kf2 Qh5 37. h4 Qd1 38. Qc8+ Kg7 39. g4 Rb2+ 40. Qc2 Rxc2+ 41. Kg3 Qxg4# 0-1

[Event "Late-Titled-Tuesday-Blitz-June-04-2024"]
[Site "Chess.com"]
[Date "2024.06.04"]
[Round "5"]
[White "Bkmzzzzz"]
[Black "Mariia89"]
[Result "1-0"]
[WhiteElo "2415"]
[BlackElo "2240"]
[TimeControl "180+1"]
[EndTime "14:53:37 PDT"]
[Termination "Bkmzzzzz won by resignation"]

1. e4 c6 2. d4 d5 3. Nc3 dxe4 4. Nxe4 Nf6 5. Nxf6+ exf6 6. c3 Be7 7. Bd3 Na6 8.
Qc2 Nc7 9. Ne2 Nd5 10. Bd2 Bg4 11. O-O-O Qa5 12. Kb1 Qb6 13. f3 Bh5 14. Nf4 Nxf4 15.
Bxf4 Bg6 16. Rhe1 Qd8 17. Bxg6 hxg6 18. Qe4 Kf8 19. d5 f5 20. Qc4 cxd5 21. Rxd5 Qb6 22. Rd7 g5 23. Rexe7 Qf6 24. Rxf7+ 1-0

[Event "Late-Titled-Tuesday-Blitz-June-04-2024"]
[Site "Chess.com"]
[Date "2024.06.04"]
[Round "5"]
[White "King_Deded4d5"]
[Black "ChessQueen"]
[Result "0-1"]
[WhiteElo "2439"]
[BlackElo "2730"]
[TimeControl "180+1"]
[EndTime "14:53:38 PDT"]
[Termination "ChessQueen won by resignation"]

1. d4 f5 2. Nc3 Nf6 3. Bf4 b6 4. h4 Bb7 5. h5 e6 6. e3 Bb4 7.
Ne2 Qe7 8. a3 Bd6 9. h6 g6 10.
Qd2 Nc6 11. Bxd6 cxd6 12. O-O-O d5 13. Kb1 O-O-O 14. Nc1 Kb8 15. f3 Rc8 16. Nb3 d6 17. Be2 Rhd8 18. g4 Qf7 19. g5 Nd7 20. f4 a6 21. Rc1 b5 22. Na2 Nb6 23. Na5 Nxa5 24. Qxa5 Qc7 25. Nb4 Ka7 26. c3 Nc4 27. Bxc4 Qxa5 0-1

[Event "Late-Titled-Tuesday-Blitz-June-04-2024"]
[Site "Chess.com"]
[Date "2024.06.04"]
[Round "5"]
[White "Laico"]
[Black "ChempionBg"]
[Result "1-0"]
[WhiteElo "2410"]
[BlackElo "2237"]
[TimeControl "180+1"]
[EndTime "14:53:38 PDT"]
[Termination "Laico won by resignation"]

1. e4 c5 2. Nc3 Nc6 3. f4 g6 4.
Nf3 Bg7 5. Bb5 Nd4 6. O-O Nxb5 7. Nxb5 a6 8. Nc3 d6 9. d3 Nf6 10. Kh1 O-O 11. Qe1 b5 12. Qh4 Bb7 13. f5 b4 14. Ne2 c4 15. Bh6 cxd3 16. cxd3 Rc8 17. Ng5 Rc2 18. fxg6 Rxe2 19. Bxg7 Kxg7 20. Rxf6 hxg6 21.
Raf1 Rh8 22. Rxf7+ Kg8 23. Rf8+ Qxf8 24. Rxf8+ 1-0

[Event "Late-Titled-Tuesday-Blitz-June-04-2024"]
[Site "Chess.com"]
[Date "2024.06.04"]
[Round "5"]
[White "konradrutkowski"]
[Black "Arimin1329"]
[Result "1-0"]
[WhiteElo "2546"]
[BlackElo "2364"]
[TimeControl "180+1"]
[EndTime "14:53:45 PDT"]
[Termination "konradrutkowski won by resignation"]

1. e4 c6 2. d4 d5 3. exd5 cxd5 4. Bd3 Nc6 5. c3 Nf6 6. Bf4 Bg4 7. Qb3 Qc8 8. Nd2 e6 9. Ngf3 Be7 10. O-O Bh5 11.
Ne5 O-O 12. Bg5 Re8 13. f4 Bg6 14. Nxg6 hxg6 15. Rae1 Qd7 16. Nf3 a6 17. Ne5 Qc7 18. Re3 Rac8 19. Rh3 Nh5 20. Nxg6 fxg6 21. Bxg6 Nf6 22.
Bxf6 Bxf6 23. Bxe8 Rxe8 24. Qd1 Ne7 25. Qh5 Rf8 26. g4 Nc6 27. g5 Nxd4 28. cxd4 Bxd4+ 29. Kh1 Rxf4 30. Qe8+ 1-0

[Event "Late-Titled-Tuesday-Blitz-June-04-2024"]
[Site "Chess.com"]
[Date "2024.06.04"]
[Round "5"]
[White "AlexeiShirov"]
[Black "Umumba_FM"]
[Result "1-0"]
[WhiteElo "2889"]
[BlackElo "2590"]
[TimeControl "180+1"]
[EndTime "14:53:48 PDT"]
[Termination "AlexeiShirov won by checkmate"]

1. e4 e5 2. Nf3 Nc6 3. Bc4 Nf6 4. d3 Bc5 5. Bg5 h6 6. Bh4 a6 7. c3 d6 8. d4 Ba7 9. dxe5 Nxe5 10.
Nxe5 dxe5 11. Qxd8+ Kxd8 12. Bxf7 g5 13. Bg3 Rf8 14.
Bg6 Ng4 15. O-O Ke7 16. h3 Nf6 17. Bxe5 Be6 18. Nd2 Rac8 19. Bd4 c5 20. Be3 Rg8 21. Bf5 Bxf5 22. exf5 g4 23. h4 g3 24. f3 Nd5 25.
Bxh6 c4+ 26. Kh1 Kf6 27. Ne4+ Kxf5 28. Nd6+ Kg6 29. Nxc8 Rxc8 30. Bg5 Ne3 31. Rfe1 Nf5 32. Rad1 Rh8 33. Re6+ Kh5 34. Rd5 Nxh4 35. Bd8+ Nf5 36.
Rxf5# 1-0

[Event "Late-Titled-Tuesday-Blitz-June-04-2024"]
[Site "Chess.com"]
[Date "2024.06.04"]
[Round "5"]
[White "MaiqMaster"]
[Black "Harry_Rakkel"]
[Result "1-0"]
[WhiteElo "2454"]
[BlackElo "2688"]
[TimeControl "180+1"]
[EndTime "14:53:49 PDT"]
[Termination "MaiqMaster won on time"]

1. e4 c5 2. Nc3 Nc6 3. Bb5 Nd4 4. Nf3 g6 5. Bc4 Bg7 6. Nxd4 cxd4 7. Qf3 Nh6 8. d3 O-O 9. Ne2 d5 10. Bxd5 Bg4 11.
Qg3 Bxe2 12. Kxe2 Rc8 13. Bb3 Kh8 14. Qh4 Ng8 15. Re1 f5 16. Kf1 fxe4 17. Qxe4 Nf6 18. Qxe7 Qa5 19. Bf4 Ng4 20. Bg3 Qf5 21. Kg1 h5 22. f3 Ne3 23. Qxb7 Rce8 24. Ba4 1-0

[Event "Late-Titled-Tuesday-Blitz-June-04-2024"]
[Site "Chess.com"]
[Date "2024.06.04"]
[Round "5"]
[White "Ykow"]
[Black "cassoulet"]
[Result "0-1"]
[WhiteElo "2580"]
[BlackElo "2759"]
[TimeControl "180+1"]
[EndTime "14:53:52 PDT"]
[Termination "cassoulet won by resignation"]

1. e4 c5 2. Nf3 e6 3. d4 cxd4 4. Nxd4 Nf6 5. Nc3 Nc6 6. Nxc6 bxc6 7. e5 Nd5 8. Ne4 Bb7 9. Nd6+ Bxd6 10. exd6 c5 11.
c4 Nb4 12. a3 Nc6 13. Be3 Qf6 14. Qd2 Nd4 15. Bxd4 cxd4 16. O-O-O e5 17. f4 e4 18.
Qxd4 Qxf4+ 19. Kb1 O-O 20. Bd3 f5 21. Bc2 Bc6 22. b4 a6 23. g4 fxg4 24. Rhg1 Rae8 25.
Rde1 Re6 26. c5 Kh8 27. Re3 h5 28. Qd2 Qf2 29. Qxf2 Rxf2 30. h3 Rf3 31. Ree1 Rxh3 32. a4 g5 33. b5 axb5 34. axb5 Bxb5 35. Rxe4 Rxe4 36. Bxe4 Rc3 37. Rc1 Rb3+ 38. Kc2 Re3 39. Bd5 Re5 40. Rd1 Ba4+ 0-1

[Event "Late-Titled-Tuesday-Blitz-June-04-2024"]
[Site "Chess.com"]
[Date "2024.06.04"]
[Round "5"]
[White "OIAM03"]
[Black "sammartin99"]
[Result "0-1"]
[WhiteElo "2033"]
[BlackElo "2293"]
[TimeControl "180+1"]
[EndTime "14:53:56 PDT"]
[Termination "sammartin99 won on time"]

1. e4 c5 2. c3 d5 3. exd5 Qxd5 4.
Nf3 Nc6 5. d4 Bf5 6. Na3 cxd4 7.
cxd4 e6 8. Nb5 Rc8 9. Be2 Nf6 10.
O-O Be7 11. Bf4 O-O 12. Nc3 Qa5 13. Ne5 Rfd8 14. Nc4 Qa6 15. Nd6 Qb6 16. Nxc8 Rxc8 17.
Na4 Qxd4 18. Be3 Qh4 19. Nc3 Rd8 20. Qe1 Bd6 21. f4 Qh6 22. Nb5 Bb4 23. Qf2 Ne4 24. Qf3 a6 25. Na7 Nd4 26. Bxd4 Rxd4 0-1

[Event "Late-Titled-Tuesday-Blitz-June-04-2024"]
[Site "Chess.com"]
[Date "2024.06.04"]
[Round "5"]
[White "HeinichessPY"]
[Black "jlf287"]
[Result "0-1"]
[WhiteElo "2275"]
[BlackElo "2514"]
[TimeControl "180+1"]
[EndTime "14:54:03 PDT"]
[Termination "jlf287 won by checkmate"]

1. e4 c6 2. d4 d5 3. exd5 cxd5 4. Bd3 Nc6 5. c3 Nf6 6. Bf4 Bg4 7. Qb3 Na5 8. Qa4+ Nc6 9. Bb5 Bd7 10. Nf3 e6 11.
Qc2 Rc8 12. Qe2 Be7 13. Bd3 O-O 14. O-O a6 15. Nbd2 b5 16. Ne5 Be8 17. g4 Nxe5 18. Bxe5 Nd7 19. Bg3 Nb6 20. Rac1 Nc4 21. Nf3 Bd6 22. Bxd6 Qxd6 23. b3 Nb6 24. Bb1 a5 25.
Ne5 Nd7 26. f4 Nxe5 27. fxe5 Qb6 28. Qd3 g6 29. h4 b4 30. h5 bxc3 31. h6 Bb5 32.
Qf3 Qxd4+ 33. Kh2 Qxe5+ 34. Kh3 Bxf1+ 35. Rxf1 c2 36. Bxc2 Rxc2 37. Re1 Rh2# 0-1

[Event "Late-Titled-Tuesday-Blitz-June-04-2024"]
[Site "Chess.com"]
[Date "2024.06.04"]
[Round "5"]
[White "CrushingKings"]
[Black "JoakimVonAnd"]
[Result "0-1"]
[WhiteElo "2614"]
[BlackElo "2784"]
[TimeControl "180+1"]
[EndTime "14:54:08 PDT"]
[Termination "JoakimVonAnd won by resignation"]

1. Nf3 d5 2. g3 Nf6 3. Bg2 c6 4. O-O Bf5 5. Nh4 Be4 6. f3 Bg6 7. b3 e6 8. Bb2 Nbd7 9. Nxg6 hxg6 10. d3 Bc5+ 11. d4 Bb6 12. Nd2 O-O 13. Kh1 c5 14. dxc5 Nxc5 15. c4 Rc8 16. Rc1 Qe7 17. b4 Ncd7 18.
c5 Bc7 19. e4 Rfd8 20. Qb3 dxe4 21. Nxe4 Nxe4 22. fxe4 Be5 23. Rc2 Bxb2 24. Qxb2 Qg5 25. e5 b6 26. c6 Nxe5 27. c7 Rd7 28. Rfc1 Nd3 29. Bb7 Rcxc7 30. Rxc7 Rxc7 0-1

[Event "Late-Titled-Tuesday-Blitz-June-04-2024"]
[Site "Chess.com"]
[Date "2024.06.04"]
[Round "5"]
[White "IlanSchnaider"]
[Black "Engima32"]
[Result "1-0"]
[WhiteElo "2774"]
[BlackElo "2475"]
[TimeControl "180+1"]
[EndTime "14:54:09 PDT"]
[Termination "IlanSchnaider won by checkmate"]

1. Nf3 Nf6 2. b3 a5 3. a4 g6 4.
Bb2 Bg7 5. h4 b6 6. g3 Bb7 7.
Bg2 d6 8. d3 Nbd7 9. Nbd2 O-O 10.
e4 e5 11. Qe2 Qe7 12. Nc4 c6 13. Ne3 d5 14. h5 d4 15. h6 Bh8 16. Nc4 b5 17. Ncd2 Ba6 18. axb5 Bxb5 19. Ba3 c5 20. O-O a4 21. bxa4 Rxa4 22. Nb3 Rfa8 23. Bb2 c4 24. dxc4 Bxc4 25. Qxc4 Rxc4 26. Rxa8+ Ne8 27. Ba3 Qe6 28. Ng5 Nb6 29. Nxe6 Nxa8 30. Nec5 Rxc2 31. Rc1 Rxc1+ 32. Nxc1 Nb6 33. N1d3 f5 34. Bh3 Nc4 35. Bb4 Ned6 36. f3 Bf6 37. Nd7 Kf7 38. Bxd6 Nxd6 39. N7xe5+ Ke6 40. Nc5+ Kxe5 41. f4# 1-0

[Event "Late-Titled-Tuesday-Blitz-June-04-2024"]
[Site "Chess.com"]
[Date "2024.06.04"]
[Round "5"]
[White "Viktor_Poddubnyi"]
[Black "albayo"]
[Result "0-1"]
[WhiteElo "2363"]
[BlackElo "2340"]
[TimeControl "180+1"]
[EndTime "14:54:11 PDT"]
[Termination "albayo won on time"]

1. e4 d5 2. exd5 Qxd5 3. Nc3 Qd6 4. d4 Nf6 5. Nf3 c6 6. Bg5 Bg4 7. h3 Bh5 8. g4 Bg6 9. Qd2 e6 10. Ne5 Be7 11. Nxg6 hxg6 12. Bg2 Nbd7 13. O-O-O Nb6 14. Bf4 Qd7 15. Ne4 Nfd5 16. Bg3 O-O-O 17. Kb1 Nf6 18.
Qe2 Nxe4 19. Qxe4 Qd5 20. h4 Qxe4 21. Bxe4 Bf6 22. c3 Nd5 23. h5 gxh5 24. gxh5 Be7 25.
Rdg1 Nf6 26. Bf3 Rh7 27. Be5 Rdh8 28. Bxf6 Bxf6 29. Kc2 Kc7 30. Kd3 Kd6 31. Ke2 b5 32. Rg3 b4 33. Rc1 bxc3 34. bxc3 Rb8 35. Rc2 Rb1 36.
Rh3 Rh6 37. Rh2 a5 38. Rg2 a4 39. Kd2 a3 40. Rc1 Rb2+ 41. Rc2 c5 42. Rxb2 axb2 43.
dxc5+ Kxc5 44. Kc2 Bxc3 45. Rg1 Bf6 46. Rd1 Rh8 47.
Rd7 Rc8 0-1

[Event "Late-Titled-Tuesday-Blitz-June-04-2024"]
[Site "Chess.com"]
[Date "2024.06.04"]
[Round "5"]
[White "1g60-1"]
[Black "margarita_2703"]
[Result "1-0"]
[WhiteElo "2452"]
[BlackElo "2274"]
[TimeControl "180+1"]
[EndTime "14:54:13 PDT"]
[Termination "1g60-1 won by resignation"]

1. e4 e6 2. d4 d5 3. e5 c5 4.
Nf3 Qb6 5. Bd3 Nc6 6. c3 Bd7 7.
O-O cxd4 8. a3 Nh6 9. b4 Nf5 10. b5 Na5 11. Bxf5 exf5 12. Nxd4 g6 13. a4 Nc4 14.
Re1 Be6 15. Na3 Rc8 16. Nxc4 Rxc4 17. Bg5 Bg7 18. Bf6 O-O 19. Qd2 Rfc8 20. a5 Qc5 21.
Bxg7 Kxg7 22. Qg5 Rxc3 23. Qf6+ Kg8 24. Nxe6 fxe6 25. Qxe6+ Kg7 26. Qf6+ Kh6 27. h4 Rf8 28. Qg5+ Kg7 29. h5 Rc2 30. h6+ Kg8 31. Qf4 Rc4 32.
Qg3 Re4 33. e6 Qe7 34. b6 axb6 35. axb6 Rxe6 36. Qc3 Qf6 37. Qc7 Qf7 38. Rxe6 1-0

[Event "Late-Titled-Tuesday-Blitz-June-04-2024"]
[Site "Chess.com"]
[Date "2024.06.04"]
[Round "5"]
[White "nitpicker"]
[Black "Smoking_Crow"]
[Result "0-1"]
[WhiteElo "2314"]
[BlackElo "2540"]
[TimeControl "180+1"]
[EndTime "14:54:14 PDT"]
[Termination "Smoking_Crow won on time"]

1. d4 Nf6 2. c4 g6 3. Nc3 Bg7 4. e4 d6 5. Be2 O-O 6. Nf3 e5 7. O-O Nc6 8. d5 Ne7 9. a4 Ne8 10. Ne1 f5 11. f3 f4 12. Nd3 g5 13. c5 Ng6 14. b4 Rf7 15. Ba3 Bf8 16. Rc1 Rg7 17.
b5 b6 18. cxd6 cxd6 19. Na2 h5 20. Nf2 Nf6 21. Nb4 Nh4 22. Rc3 g4 23. Nc6 Qe8 24. Nd3 g3 25. h3 Bxh3 26. gxh3 Qd7 27. Nf2 gxf2+ 28. Kxf2 Qxh3 29. Ke1 Ng2+ 30. Kd2 Ne3 31. Rxe3 fxe3+ 32. Kxe3 Rg2 33. Rg1 Bh6+ 34. Kd3 Kh8 35. Rxg2 Qxg2 36. Bxd6 Nd7 37. Nxe5 Nxe5+ 38. Bxe5+ Kh7 39.
d6 Qg5 40. f4 Qg3+ 41. Kd4 Bxf4 0-1

[Event "Late-Titled-Tuesday-Blitz-June-04-2024"]
[Site "Chess.com"]
[Date "2024.06.04"]
[Round "5"]
[White "KChor05"]
[Black "K_A_S_T_O_R"]
[Result "0-1"]
[WhiteElo "2638"]
[BlackElo "2879"]
[TimeControl "180+1"]
[EndTime "14:54:16 PDT"]
[Termination "K_A_S_T_O_R won by resignation"]

1. e4 e6 2. d4 d5 3. Nd2 Nf6 4. e5 Nfd7 5. Bd3 c5 6. c3 Nc6 7. Ne2 cxd4 8. cxd4 Nb6 9. O-O Bd7 10. Nf3 Nb4 11. Bb1 Ba4 12. b3 Bb5 13. a3 Nc6 14. Re1 Qd7 15. Nc3 Ba6 16. Bg5 h6 17. Bh4 Be7 18. Bxe7 Qxe7 19. Qd2 O-O-O 20. Bd3 Bxd3 21. Qxd3 a6 22. Rec1 Kb8 23. Na4 Nxa4 24. bxa4 Rc8 25.
Rc5 Rc7 26. Rac1 Rhc8 27. R5c3 Na5 28. Rxc7 Rxc7 29. Rf1 Nc4 30. Qh7 Qf8 31. h4 Nxa3 32.
h5 Ka7 33. Qd3 Nc4 34. Nd2 Qb4 35. Nb3 Nb2 36. Qe3 Rc3 37. Qe2 Qxb3 38. Rb1 Rc2 39. Qg4 Qd3 40. Rf1 g6 41. Qf4 Qf5 42. Qxh6 gxh5 43.
Qf8 Nd3 44. Qd6 h4 0-1

[Event "Late-Titled-Tuesday-Blitz-June-04-2024"]
[Site "Chess.com"]
[Date "2024.06.04"]
[Round "5"]
[White "manitodeplomo"]
[Black "Kirill_Klukin"]
[Result "0-1"]
[WhiteElo "2619"]
[BlackElo "2826"]
[TimeControl "180+1"]
[EndTime "14:54:17 PDT"]
[Termination "Kirill_Klukin won by resignation"]

1. d4 Nf6 2. c4 Nc6 3. Nf3 e6 4.
g3 Bb4+ 5. Bd2 Qe7 6. Nc3 Bxc3 7. Bxc3 Ne4 8. Rc1 Nxc3 9. Rxc3 O-O 10. d5 Nb8 11.
Bg2 d6 12. O-O e5 13. c5 Nd7 14. cxd6 cxd6 15. b4 a5 16. a3 axb4 17. axb4 Nb6 18. Qb3 Bf5 19. Nh4 Bd7 20. Rc7 Rab8 21. Rfc1 Rfc8 22. Qe3 Rxc7 23. Rxc7 Nc8 24. Bh3 Bxh3 25.
Rxe7 Nxe7 26. f4 Nxd5 27. Qd2 Nf6 28. Nf3 Ra8 29. Ng5 Ra1+ 30. Kf2 h6 31. Nxh3 Ne4+ 0-1

[Event "Late-Titled-Tuesday-Blitz-June-04-2024"]
[Site "Chess.com"]
[Date "2024.06.04"]
[Round "5"]
[White "NajdorfPlayerc5"]
[Black "ReadySkate"]
[Result "0-1"]
[WhiteElo "2453"]
[BlackElo "2716"]
[TimeControl "180+1"]
[EndTime "14:54:20 PDT"]
[Termination "ReadySkate won by checkmate"]

1. e4 c5 2. Nf3 e6 3. d4 cxd4 4. Nxd4 Nf6 5. Bd3 Nc6 6. Nxc6 bxc6 7. c4 d5 8. Nc3 Be7 9. O-O O-O 10. Bf4 Qa5 11.
exd5 cxd5 12. cxd5 exd5 13. Be5 Be6 14. Bd4 Rab8 15. Qd2 Qb4 16. Bxa7 Rb7 17. Bd4 Ne4 18. Bxe4 dxe4 19. Qe3 f5 20. Rfd1 Rd8 21. Be5 Rbd7 22.
Rxd7 Rxd7 23. Qg3 Bf8 24. h3 Rd3 25. Qf4 h6 26. h4 Bc5 27. Kh2 Be7 28. Rd1 g5 29.
Qc1 Qc5 30. Bb8 Qxf2 31. Rxd3 exd3 32. Qd1 Qxh4+ 33. Kg1 Bc5+ 34. Kf1 Qf2# 0-1

[Event "Late-Titled-Tuesday-Blitz-June-04-2024"]
[Site "Chess.com"]
[Date "2024.06.04"]
[Round "5"]
[White "BardArtem"]
[Black "Love7Unicorn"]
[Result "1-0"]
[WhiteElo "2730"]
[BlackElo "2557"]
[TimeControl "180+1"]
[EndTime "14:54:21 PDT"]
[Termination "BardArtem won by resignation"]

1. e4 c5 2. c3 d5 3. exd5 Qxd5 4.
d4 Nc6 5. Nf3 Bf5 6. Be3 Nf6 7.
Qb3 Qxb3 8. axb3 cxd4 9. Nxd4 Nxd4 10. Bxd4 a6 11. Na3 Rc8 12. Nc4 e6 13. Be2 Be4 14. O-O Bc5 15. Bxc5 Rxc5 16. b4 Rc7 17. b5 Bd5 18.
bxa6 bxa6 19. Rxa6 Ke7 20. Ne3 Bc6 21. Rfa1 Rb8 22. b4 Nd5 23. Ra7 Kd8 24. Nxd5 exd5 25.
Rxc7 Kxc7 26. Ra7+ Rb7 27. Rxb7+ Bxb7 28. f4 Kd6 29.
Kf2 Bc6 30. Ke3 Ba4 31. Kd4 Bb3 32. c4 dxc4 33. Bxc4 Ba4 34. Bxf7 Bc6 35. g3 Bf3 36. Bc4 h6 37. Bd3 Kc7 38. Kc5 Bc6 39. b5 Bf3 40.
b6+ Kb7 41. Bc4 Bg4 42. Bd5+ Kb8 43. Kd6 g5 44. fxg5 hxg5 45. Ke5 Bc8 46. Kf6 g4 47.
Kg5 Bd7 48. Be4 Be6 49. Bf5 Bf7 50. Bxg4 Kb7 51. h4 Kxb6 52. h5 Kc6 53. h6 Bg8 54. Kf6 Kd6 55. Kg7 1-0

[Event "Late-Titled-Tuesday-Blitz-June-04-2024"]
[Site "Chess.com"]
[Date "2024.06.04"]
[Round "5"]
[White "Quattroporte300"]
[Black "yaguigor"]
[Result "0-1"]
[WhiteElo "2447"]
[BlackElo "2619"]
[TimeControl "180+1"]
[EndTime "14:54:21 PDT"]
[Termination "yaguigor won on time"]

1. e4 e5 2. Nf3 Nc6 3. Bc4 Bc5 4.
c3 Nf6 5. d3 O-O 6. O-O d5 7.
exd5 Nxd5 8. h3 Nb6 9. Bb5 Bd6 10. Re1 Qf6 11. Bxc6 bxc6 12. d4 exd4 13. Qxd4 Qxd4 14. Nxd4 Bd7 15. b3 c5 16. Nf3 Rfe8 17. Bb2 Rxe1+ 18.
Nxe1 a5 19. Nd2 a4 20. c4 Bc6 21. Nc2 f6 22. Kf1 Nd7 23. Bc3 Ne5 24. Ne1 g5 25. f3 h5 26. Ke2 Re8 27. Kf1 Kf7 28. Rd1 Ng6 29. Nd3 Nh4 30. Nf2 Nf5 31. Re1 Ng3+ 0-1

[Event "Late-Titled-Tuesday-Blitz-June-04-2024"]
[Site "Chess.com"]
[Date "2024.06.04"]
[Round "5"]
[White "DishonorOnYourCow"]
[Black "Supelyel"]
[Result "1-0"]
[WhiteElo "2582"]
[BlackElo "2428"]
[TimeControl "180+1"]
[EndTime "14:54:21 PDT"]
[Termination "DishonorOnYourCow won by resignation"]

1. d4 d6 2. c4 Nf6 3. Nc3 Nbd7 4. e4 e5 5. d5 Be7 6. Bd3 O-O 7.
Nge2 c6 8. O-O a6 9. a4 a5 10. Be3 Ng4 11. Bd2 Bg5 12. h3 Bxd2 13. Qxd2 Ngf6 14.
Bc2 Nc5 15. Rad1 cxd5 16. Nxd5 Nfxe4 17. Qe3 Nf6 18. Nec3 Be6 19. Nxf6+ Qxf6 20. Rxd6 Qe7 21. Qxc5 Rac8 22. Qxe5 Rxc4 23. Rdd1 Qb4 24. Bd3 Rh4 25. Ne4 Bb3 26. Rc1 Bxa4 27. Rc4 Qb3 28. Nf6+ gxf6 29. Qg3+ Kh8 30. Rxh4 1-0

[Event "Late-Titled-Tuesday-Blitz-June-04-2024"]
[Site "Chess.com"]
[Date "2024.06.04"]
[Round "5"]
[White "rionelG"]
[Black "gamboajp"]
[Result "1-0"]
[WhiteElo "2324"]
[BlackElo "2087"]
[TimeControl "180+1"]
[EndTime "14:54:22 PDT"]
[Termination "rionelG won by resignation"]

1. e4 e6 2. d4 d5 3. Nd2 c5 4. c3 cxd4 5. cxd4 Nf6 6. e5 Nfd7 7.
Bd3 Nc6 8. Ndf3 Qb6 9. Ne2 Bb4+ 10. Bd2 f6 11. exf6 Nxf6 12. O-O O-O 13. Bg5 Ne4 14. Bh4 Bd6 15. Nc3 Rf4 16. Bg3 Nxg3 17. hxg3 Rf6 18. a3 Bd7 19. b4 Raf8 20. Qc2 Rh6 21. Na4 Nxd4 22. Nxb6 Nxc2 23. Nxd7 Nxa1 24. Nxf8 Nb3 25. Nd7 e5 26. Ndxe5 Bxe5 27. Nxe5 Nd4 28. Rd1 g6 29. f4 Nf5 30. Bxf5 gxf5 31. Rxd5 Rc6 32. Nxc6 1-0

[Event "Late-Titled-Tuesday-Blitz-June-04-2024"]
[Site "Chess.com"]
[Date "2024.06.04"]
[Round "5"]
[White "A4RookA3"]
[Black "Kostukov_Alex"]
[Result "1-0"]
[WhiteElo "2512"]
[BlackElo "2305"]
[TimeControl "180+1"]
[EndTime "14:54:23 PDT"]
[Termination "A4RookA3 won by resignation"]

1. Nc3 g6 2. d4 Bg7 3. e4 d6 4.
Be3 e5 5. dxe5 dxe5 6. Qxd8+ Kxd8 7. O-O-O+ Nd7 8. Bc4 f6 9. f4 exf4 10. Bxf4 Bh6 11. Bxh6 Nxh6 12. Nf3 c6 13. e5 fxe5 14. Nxe5 Kc7 15. Rhe1 Nxe5 16. Rxe5 Nf5 17. Ne4 Bd7 18. g4 Ne3 19. Rxd7+ Kxd7 20. Nf6+ Kc7 21. Rxe3 g5 22. Re7+ Kb6 23. Nxh7 Rae8 24. Rxe8 Rxe8 25. Nxg5 Rh8 26. Nf3 Rh3 27. Be2 Kc5 28. Kd2 Kd6 29. Ke3 Ke6 30. Kf2 Kf6 31. Kg2 Rh8 32. h4 a5 33. Kg3 a4 34. h5 a3 35. bxa3 Ra8 36. g5+ Kg7 37. h6+ Kg6 38. Bd3+ Kh5 39. h7 b5 40. Ne5 Kxg5 41. h8=Q Rxh8 42. Nf7+ Kf6 43. Nxh8 Ke5 44. Nf7+ Kd4 45. Nd8 c5 46. Bxb5 Kc3 47. a4 Kb4 48. c4 1-0

[Event "Late-Titled-Tuesday-Blitz-June-04-2024"]
[Site "Chess.com"]
[Date "2024.06.04"]
[Round "5"]
[White "scrambleyourbrain"]
[Black "Fore_Man"]
[Result "0-1"]
[WhiteElo "2371"]
[BlackElo "2233"]
[TimeControl "180+1"]
[EndTime "14:54:23 PDT"]
[Termination "Fore_Man won by checkmate"]

1. e4 Nc6 2. d4 e5 3. d5 Nce7 4. Nf3 Ng6 5. c4 Bc5 6. Nc3 d6 7. a3 a5 8. Be2 Nf6 9. O-O O-O 10. Be3 Bxe3 11. fxe3 Ng4 12. Qd2 Nh4 13. h3 Nxf3+ 14. Bxf3 Nh6 15. b4 axb4 16. axb4 Rxa1 17. Rxa1 Qg5 18.
Kh2 Qh4 19. Qe1 Qg5 20. Qd2 f5 21. exf5 Nxf5 22. Re1 Qg3+ 23. Kh1 Nh4 24. Ne4 Nxf3 25.
gxf3 Qxh3+ 26. Qh2 Qxf3+ 27. Qg2 Qh5+ 28. Qh2 Bh3 29.
Ng3 Qf3+ 30. Kg1 Bg4 31. Qg2 Qxg2+ 32. Kxg2 h5 33. Ra1 h4 34. Nf1 Be2 35. Nd2 g5 36.
Ra7 g4 37. Rxb7 g3 38. Kh3 Rf2 39. Rb8+ Kg7 40. Rc8 Rh2# 0-1

[Event "Late-Titled-Tuesday-Blitz-June-04-2024"]
[Site "Chess.com"]
[Date "2024.06.04"]
[Round "5"]
[White "Heinza9"]
[Black "Michalczak"]
[Result "0-1"]
[WhiteElo "2350"]
[BlackElo "2527"]
[TimeControl "180+1"]
[EndTime "14:54:25 PDT"]
[Termination "Michalczak won by checkmate"]

1. c4 e5 2. Nc3 Nf6 3. Nf3 e4 4. Ng5 c6 5. Ngxe4 Nxe4 6. Nxe4 d5 7. cxd5 cxd5 8. Ng3 h5 9. e3 h4 10. Ne2 Nc6 11.
d4 Qf6 12. h3 Bf5 13. Nc3 Qg6 14. Qa4 O-O-O 15. Bd2 Nb4 16. Qxa7 Nc2+ 17. Kd1 Nxa1 18. Qa8+ Kd7 19. Qxb7+ Ke8 20. Bb5+ Bd7 21. Nxd5 Bd6 22. Bxd7+ Rxd7 23. Qa8+ Rd8 24. Qc6+ Kf8 25. Ba5 Qb1+ 26. Ke2 Qxb2+ 27. Kf3 Rb8 28. Qxd6+ Kg8 29. Rxa1 Rh6 30. Qc7 Rb5 31. Ne7+ Kh7 32. Bc3 Rf6+ 33. Ke4 Qc2# 0-1

[Event "Late-Titled-Tuesday-Blitz-June-04-2024"]
[Site "Chess.com"]
[Date "2024.06.04"]
[Round "5"]
[White "Dedic8"]
[Black "Yaacovn"]
[Result "1-0"]
[WhiteElo "2934"]
[BlackElo "2804"]
[TimeControl "180+1"]
[EndTime "14:54:29 PDT"]
[Termination "Dedic8 won on time"]

1. d4 Nf6 2. c4 e5 3. dxe5 Ne4 4. Nf3 Nc6 5. Nbd2 Bb4 6. a3 Nxd2 7. Bxd2 Bxd2+ 8. Qxd2 O-O 9. g3 Qe7 10. Bg2 Nxe5 11.
Nxe5 Qxe5 12. O-O d6 13. b4 Rb8 14. e3 b6 15. a4 a5 16. f4 Qf5 17. bxa5 Qxa5 18. Qxa5 bxa5 19. c5 Be6 20. cxd6 cxd6 21. Rfd1 Rfd8 22. Rd4 Rb4 23. Rxb4 axb4 24. a5 b3 25. Bb7 Bc4 26. Rb1 Rb8 27. a6 1-0

[Event "Late-Titled-Tuesday-Blitz-June-04-2024"]
[Site "Chess.com"]
[Date "2024.06.04"]
[Round "5"]
[White "sari07"]
[Black "GlavkonVVS"]
[Result "1-0"]
[WhiteElo "2410"]
[BlackElo "2541"]
[TimeControl "180+1"]
[EndTime "14:54:31 PDT"]
[Termination "sari07 won by resignation"]

1. d4 Nf6 2. Nf3 c5 3. dxc5 e6 4. a3 Bxc5 5. b4 Be7 6. Bb2 b6 7. e3 Bb7 8. Be2 O-O 9. O-O d6 10. c4 a6 11. Nc3 Nbd7 12. Qb3 Rc8 13. Rfd1 Qc7 14. Rac1 Qb8 15. Nd4 Ne5 16. Na4 Nfd7 17.
f4 Nxc4 18. Bxc4 Rxc4 19. Qxc4 b5 20. Qc7 bxa4 21. Qxd7 Bf6 22. Rc7 Bd5 23. Ba1 e5 24.
Nc6 Bxc6 25. Qxc6 exf4 26. Bxf6 gxf6 27. Rc1 fxe3 28. Rc8 Rxc8 29. Qxc8+ Qxc8 30. Rxc8+ Kg7 31. Re8 1-0

[Event "Late-Titled-Tuesday-Blitz-June-04-2024"]
[Site "Chess.com"]
[Date "2024.06.04"]
[Round "5"]
[White "teresin05"]
[Black "Alex_Banzea"]
[Result "0-1"]
[WhiteElo "2318"]
[BlackElo "2593"]
[TimeControl "180+1"]
[EndTime "14:54:32 PDT"]
[Termination "Alex_Banzea won by checkmate"]

1. e4 c6 2. d4 d5 3. Nc3 dxe4 4. Nxe4 Nf6 5. Nxf6+ exf6 6. Bc4 Bd6 7. Qe2+ Be7 8. c3 O-O 9. Nf3 Bd6 10. Be3 Re8 11.
O-O-O Nd7 12. Qc2 b5 13. Bd3 h5 14. Nh4 Nb6 15. Bh7+ Kf8 16. g3 Nd5 17. Bd2 a5 18. Rde1 Be6 19. Nf5 a4 20. Qd1 Bxf5 21. Bxf5 g6 22.
Bc2 b4 23. c4 b3 24. cxd5 bxa2 25. Bh6+ Kg8 26. Rxe8+ Qxe8 27. Kd2 Bb4+ 28. Kd3 cxd5 29. Bf4 Qe4# 0-1